 Dungeon Crawl Stone Soup version 0.23.2 (webtiles) character file.

Game seed: 1674722550872787741

333 Revguard the Covered (level 6, -1/46 HPs)
             Began as a Demonspawn Gladiator on Apr 12, 2019.
             Succumbed to a worker ant's poison
             ... on level 4 of the Dungeon.
             The game lasted 00:08:53 (2802 turns).

Revguard the Covered (Demonspawn Gladiator)         Turns: 2802, Time: 00:08:53

Health: -1/46      AC: 13    Str: 15 (16) XL:     6   Next: 27%
Magic:  6/6        EV:  5    Int:  7 (9)  God:
Gold:   227        SH:  0    Dex: 12 (15) Spells: 5/5 levels left

rFire    . . .     SeeInvis .   g - +0 broad axe
rCold    . . .     Gourm    .   (no shield)
rNeg     . . .     Faith    .   e - +0 plate armour
rPois    .         Spirit   .   (helmet restricted)
rElec    .         Reflect  .   (no cloak)
rCorr    .         Harm     .   (no gloves)
MR       .....                  (no boots)
Stlth    ..........             (no amulet)
HPRegen  0.15/turn              (no ring)
MPRegen  0.10/turn              (no ring)

@: lethally poisoned (-1 -> -11)
A: antennae 1, thin metallic scales 1, spiny 2
a: no special abilities


You were on level 4 of the Dungeon.
You were not hungry.

You visited 1 branch of the dungeon, and saw 4 of its levels.

You collected 227 gold pieces.

Inventory:

Hand Weapons
 a - a +0 long sword
 g - a +0 broad axe (weapon)
Missiles
 d - 3 throwing nets (quivered)
Armour
 b - a +0 leather armour
 c - a +0 helmet
 e - a +0 plate armour (worn)
Wands
 q - a wand of disintegration (13)
Scrolls
 h - 2 scrolls of teleportation
 i - 3 scrolls of remove curse {unknown}
 j - 2 scrolls of blinking {unknown}
 k - 3 scrolls of fear {unknown}
 l - 4 scrolls of amnesia {unknown}
 m - a scroll of noise {unknown}
 n - 3 scrolls of identify {unknown}
 o - a scroll of enchant weapon {unknown}
Potions
 p - a potion of cancellation
Comestibles
 f - 8 rations


   Skills:
 + Level 2.8 Fighting
 - Level 3.3 Long Blades
 + Level 2.2 Axes
 - Level 1.7 Throwing
 * Level 3.7 Armour
 + Level 3.3 Dodging


You had 5 spell levels left.
You didn't know any spells.
Your spell library contained the following spells:

 Spells                   Type           Power        Failure   Level  Hunger
 Magic Dart               Conj           #...         100%        1    ##.....
 Blink                    Tloc           N/A          100%        2    ###....
 Call Imp                 Summ           #.......     100%        2    ###....
 Slow                     Hex            #.......     100%        2    ###....
 Conjure Flame            Conj/Fire      #.......     100%        3    ####...
 Mephitic Cloud           Conj/Pois/Air  #.......     100%        3    ####...


Dungeon Overview and Level Annotations

Branches:
Dungeon (4/15)
 Temple: D:4-7

Altars:
Ashenzari
Dithmenos
Nemelex Xobeh
Okawaru
Yredelemnul


Innate Abilities, Weirdness & Mutations

You have a pair of small antennae on your head.
You are partially covered in thin metallic scales. (AC +2)
You are mostly covered in sharp spines.


Message History

You are lethally poisoned!
The worker ant poisons you!
Okay, then.
Your plate armour prevents you from hitting the worker ant.
The worker ant is heavily wounded.
* * * LOW HITPOINT WARNING * * *
You feel sick. The worker ant barely misses you.
You closely miss the worker ant.
The worker ant is heavily wounded.
* * * LOW HITPOINT WARNING * * *
You feel sick.
The worker ant bites you but does no damage.
The worker ant is struck by your spines.
The worker ant bites you.
* * * LOW HITPOINT WARNING * * *
You are more poisoned.
The worker ant poisons you!
You closely miss the worker ant.
The worker ant is severely wounded.
You die...

#...#........
#..##........ .. ##.
...#..... .. #.
.....##.. .# ...
#......## #. .# ## .o
##....### #.####.# ##.
o.. #...####. #......#
#..##.#.
#...###...[####......o
#)@)(...# .........
#...a##(...#..##......
.'...## #......#
#...... .##.
#.(...#......... #
####....##......
#....####...... ...##
#......
##..#####......
##...##..o......


You could see a worker ant.

Vanquished Creatures
  A hound (D:3)
  An orc priest (D:3)
  Jessica (D:3)
  Terence (D:3)
  2 worker ants (D:4)
  3 adders
  4 gnolls (D:4)
  An ooze (D:1)
  3 worms
  3 dart slugs
  A leopard gecko (D:2)
  15 orcs
  2 ball pythons (D:2)
  5 giant cockroaches
  8 goblins
  6 hobgoblins
  5 bats
  2 frilled lizards (D:1)
  8 kobolds
  14 rats
86 creatures vanquished.

Notes
Turn   | Place    | Note
-------+----------+-------------------------------------------
     0 | D:1      | Revguard the Demonspawn Gladiator began the quest for the
                  | Orb.
     0 | D:1      | Reached XP level 1. HP: 16/16 MP: 1/1
   137 | D:1      | Gained mutation: You are partially covered in sharp spines.
                  | [demonic ancestry]
   137 | D:1      | Reached XP level 2. HP: 15/22 MP: 2/2
   716 | D:1      | Gained mutation: You are partially covered in thin metallic
                  | scales. (AC +2) [demonic ancestry]
   716 | D:1      | Reached XP level 3. HP: 27/27 MP: 3/3
   756 | D:2      | Reached skill level 1 in Armour
   775 | D:2      | Found a shattered altar of Ashenzari.
   836 | D:2      | Found an iron altar of Okawaru.
   837 | D:2      | Found a shadowy altar of Dithmenos.
  1122 | D:2      | Gained mutation: You have a pair of small antennae on your
                  | head. [demonic ancestry]
  1122 | D:2      | Reached XP level 4. HP: 27/33 MP: 4/4
  1681 | D:3      | Reached skill level 1 in Axes
  1681 | D:3      | Gained mutation: You are mostly covered in sharp spines.
                  | [demonic ancestry]
  1681 | D:3      | Reached XP level 5. HP: 10/39 MP: 5/5
  1899 | D:3      | Noticed Terence
  1909 | D:3      | Killed Terence
  2200 | D:3      | Noticed Jessica
  2210 | D:3      | Killed Jessica
  2225 | D:3      | Found a basalt altar of Yredelemnul.
  2560 | D:4      | Reached XP level 6. HP: 23/46 MP: 6/6
  2590 | D:4      | Found a sparkling altar of Nemelex Xobeh.
  2801 | D:4      | HP: 1/46 [worker ant (2)]
  2802 | D:4      | Succumbed to a worker ant's poison

Skill      XL: |  1  2  3  4  5  6 |
---------------+-------------------+-----
Dodging        | 3 |  3.3
Long Blades    | 3 |  3.3
Armour         | 1 2 3 |  3.7
Axes           | 1 2 |  2.2
Fighting       | |  2.8
Throwing       | |  1.7

Action                   |  1- 3 |  4- 6 || total
-------------------------+-------+-------++-------
Melee: Long sword        |    92 |       ||    92
       Broad axe         |     5 |   124 ||   129
  Use: Potion            |     5 |     2 ||     7
       Scroll            |       |     3 ||     3
  Eat: Chunk             |       |     6 ||     6
Armor: Leather armour    |     1 |       ||     1
       Plate armour      |    76 |    91 ||   167
Dodge: Dodged            |    27 |    51 ||    78
       Rpst.: Long sword |     8 |       ||     8
